NCAA
TEXAS LONGHORNS @ SOUTH FLORIDA BULLS
05/19/2025
 
TOP OF THE 1ST
Texas Longhorns batting - Pitching for South Florida Bulls : RHP José Deleón
Pitching: RHP José Deleón
Batting: LHB Sam Haynes 0-0: Ball
1-0: Ball
2-0: Fly out, F3 (Line Drive, 3)
Batting: RHB Eugene Salazar 0-0: Ball
1-0: Foul Ball, location: 2F
1-1: Ball
2-1: Ball
3-1: Base on Balls
Batting: RHB Rich Henley 0-0: Ball
1-0: Ball
Pickoff Throw to First - Out!
2-0: Called Strike
2-1: Ball
3-1: Called Strike
3-2: Foul Ball, location: 2F
3-2: Strikes out swinging
Top of the 1st over - 0 run(s), 0 hit(s), 0 error(s), 0 left on base; Texas 0 - South Florida 0
BOTTOM OF THE 1ST
South Florida Bulls batting - Pitching for Texas Longhorns : RHP Robby Marson
Pitching: RHP Robby Marson
Batting: RHB Dave Anderson 0-0: Fly out, F3 (Line Drive, 3S)
Batting: RHB Keith Stimson 0-0: Foul Ball, location: 2F
0-1: Ball
1-1: Foul Ball, location: 2F
1-2: Strikes out swinging
Batting: LHB Bob Bush 0-0: Foul Ball, location: 2F
0-1: Ball
1-1: Fly out, F8 (Flyball, 89M)
Bottom of the 1st over - 0 run(s), 0 hit(s), 0 error(s), 0 left on base; Texas 0 - South Florida 0
TOP OF THE 2ND
Texas Longhorns batting - Pitching for South Florida Bulls : RHP José Deleón
Batting: LHB John Fitzgerald 0-0: Ball
1-0: Fly out, F8 (Flyball, 8LS)
Batting: LHB Jonathon Terry 0-0: Ball
1-0: Ball
2-0: Called Strike
2-1: Foul Ball, location: 2F
2-2: Ground out 4-3 (Groundball, 4)
Batting: RHB Joe Maynard 0-0: Foul Ball, location: 2F
0-1: Ball
1-1: Ball
2-1: Called Strike
2-2: Foul Ball, location: 2F
2-2: Ball
3-2: Foul Ball, location: 2F
3-2: Foul Ball, location: 2F
3-2: Strikes out swinging
Top of the 2nd over - 0 run(s), 0 hit(s), 0 error(s), 0 left on base; Texas 0 - South Florida 0
BOTTOM OF THE 2ND
South Florida Bulls batting - Pitching for Texas Longhorns : RHP Robby Marson
Batting: RHB Mark Parker 0-0: Ground out 5-3 (Groundball, 5)
Batting: RHB Leonardo Sinisterra 0-0: Called Strike
0-1: Called Strike
0-2: Ball
1-2: Ball
2-2: Fly out, F9 (Flyball, 9M)
Batting: SHB Michael Field 0-0: Ball
1-0: Ball
2-0: Called Strike
2-1: SOLO HOME RUN (Flyball, 9D), Distance : 366 ft
Batting: LHB Weston Chaney 0-0: Ball
1-0: Swinging Strike
1-1: Ground out 6-3 (Groundball, 6)
Bottom of the 2nd over - 1 run(s), 1 hit(s), 0 error(s), 0 left on base; Texas 0 - South Florida 1
TOP OF THE 3RD
Texas Longhorns batting - Pitching for South Florida Bulls : RHP José Deleón
Batting: RHB Jerome Cuevas 0-0: Foul Ball, location: 2F
0-1: Fly out, F8 (Flyball, 8LS)
Batting: RHB Roberto Hernández 0-0: SINGLE (Groundball, 34D)
Batting: RHB Edmond Magee 0-0: DOUBLE (Groundball, 5L)
Roberto Hernández to third
Batting: LHB Sam Haynes 0-0: Ball
1-0: Foul Ball, location: 2F
1-1: Swinging Strike
1-2: Ball
2-2: 3-RUN HOME RUN (Flyball, 89XD), Distance : 375 ft
Batting: RHB Eugene Salazar 0-0: Ball
1-0: Ball
2-0: Called Strike
2-1: Ball
3-1: Base on Balls
Batting: RHB Rich Henley 0-0: Ball
1-0: Ball
2-0: Fly out, F9 (Flyball, 89M)
Batting: LHB John Fitzgerald 0-0: Foul Ball, location: 2F
0-1: Ball
1-1: Called Strike
1-2: Foul Ball, location: 2F
1-2: Foul Ball, location: 2F
1-2: Foul Ball, location: 2F
1-2: Ball
2-2: Ball
3-2: SINGLE (Flyball, 8LS)
Eugene Salazar to second
Eugene Salazar to third
Batting: LHB Jonathon Terry 0-0: Called Strike
0-1: Ball
1-1: Swinging Strike
1-2: Ball
2-2: Ball
3-2: Strikes out looking
Top of the 3rd over - 3 run(s), 4 hit(s), 0 error(s), 2 left on base; Texas 3 - South Florida 1
BOTTOM OF THE 3RD
South Florida Bulls batting - Pitching for Texas Longhorns : RHP Robby Marson
Batting: RHB Víctor Pérez 0-0: Fly out, F3 (Popup, 3F)
Batting: RHB Millard Walker 0-0: Called Strike
0-1: Ball
1-1: Swinging Strike
1-2: Strikes out swinging
Batting: RHB Dave Anderson 0-0: Ball
1-0: Ball
2-0: Ball
3-0: Base on Balls
Batting: RHB Keith Stimson 0-0: Ball
1-0: Fielders Choice at 2nd, U4 (Groundball, 4M)
Bottom of the 3rd over - 0 run(s), 0 hit(s), 0 error(s), 1 left on base; Texas 3 - South Florida 1
TOP OF THE 4TH
Texas Longhorns batting - Pitching for South Florida Bulls : RHP José Deleón
Batting: RHB Joe Maynard 0-0: Fly out, F9 (Flyball, 9LDF)
Batting: RHB Jerome Cuevas 0-0: Foul Ball, location: 2F
0-1: Ball
1-1: SINGLE (Line Drive, 8LS)
Batting: RHB Roberto Hernández 0-0: Ball
1-0: Grounds into double play, 6-4-3 (Groundball, 6)
Top of the 4th over - 0 run(s), 1 hit(s), 0 error(s), 0 left on base; Texas 3 - South Florida 1
BOTTOM OF THE 4TH
South Florida Bulls batting - Pitching for Texas Longhorns : RHP Robby Marson
Batting: LHB Bob Bush 0-0: Called Strike
0-1: Ball
1-1: Ball
2-1: Swinging Strike
2-2: Ball
3-2: Strikes out looking
Batting: RHB Mark Parker 0-0: Ball
1-0: Ground out 6-3 (Groundball, 6M)
Batting: RHB Leonardo Sinisterra 0-0: Ground out 6-3 (Groundball, 6M)
Bottom of the 4th over - 0 run(s), 0 hit(s), 0 error(s), 0 left on base; Texas 3 - South Florida 1
TOP OF THE 5TH
Texas Longhorns batting - Pitching for South Florida Bulls : RHP José Deleón
Batting: RHB Edmond Magee 0-0: Called Strike
0-1: Foul Ball, location: 2F
0-2: Ball
1-2: Strikes out looking
Batting: LHB Sam Haynes 0-0: Ball
1-0: Ball
2-0: Ball
3-0: Base on Balls
Batting: RHB Eugene Salazar 0-0: Called Strike
Sam Haynes is caught stealing 2nd base
0-1: Foul Ball, location: 2F
0-2: Foul Ball, location: 2F
0-2: Ground out 1-3 (Groundball, 13)
Top of the 5th over - 0 run(s), 0 hit(s), 0 error(s), 0 left on base; Texas 3 - South Florida 1
BOTTOM OF THE 5TH
South Florida Bulls batting - Pitching for Texas Longhorns : RHP Robby Marson
Batting: SHB Michael Field 0-0: Called Strike
0-1: Ball
1-1: Ball
2-1: Ball
3-1: Called Strike
3-2: Foul Ball, location: 2F
3-2: Fly out, F7 (Flyball, 7M)
Batting: LHB Weston Chaney 0-0: Ball
1-0: Ground out 6-3 (Groundball, 6)
Batting: RHB Víctor Pérez 0-0: Ball
1-0: Fly out, F4 (Popup, 34)
Bottom of the 5th over - 0 run(s), 0 hit(s), 0 error(s), 0 left on base; Texas 3 - South Florida 1
TOP OF THE 6TH
Texas Longhorns batting - Pitching for South Florida Bulls : RHP José Deleón
Pitching: RHP Xi-tong Shi
Batting: RHB Rich Henley 0-0: Called Strike
0-1: Ball
1-1: Ball
2-1: Ball
3-1: Base on Balls
Batting: LHB John Fitzgerald 0-0: Ball
1-0: Foul Ball, location: 2F
1-1: DOUBLE (Flyball, 78XD)
Rich Henley to third
Batting: LHB Jonathon Terry 0-0: Intentional Walk
Batting: RHB Joe Maynard 0-0: Ball
1-0: Ball
2-0: Called Strike
2-1: Ball
3-1: Called Strike
3-2: Foul Ball, location: 2F
3-2: Base on Balls
Rich Henley scores
John Fitzgerald to third
Jonathon Terry to second
Batting: RHB Jerome Cuevas 0-0: Fly out, F8 (Flyball, 89M)
Batting: RHB Roberto Hernández 0-0: Hit by Pitch
John Fitzgerald scores
Jonathon Terry to third
Joe Maynard to second
Pitching: LHP Michel Bachand
Batting: RHB Edmond Magee 0-0: Ball
1-0: Called Strike
1-1: Called Strike
1-2: Strikes out looking
Batting: LHB Sam Haynes 0-0: Ball
1-0: Foul Ball, location: 2F
1-1: Ball
2-1: Foul Ball, location: 2F
2-2: Fly out, F8 (Flyball, 8LM)
Top of the 6th over - 2 run(s), 1 hit(s), 0 error(s), 3 left on base; Texas 5 - South Florida 1
BOTTOM OF THE 6TH
South Florida Bulls batting - Pitching for Texas Longhorns : RHP Robby Marson
Batting: RHB Millard Walker 0-0: Swinging Strike
0-1: Ball
1-1: Ball
2-1: SINGLE (Groundball, 56D)
Batting: RHB Dave Anderson 0-0: Called Strike
0-1: Swinging Strike
0-2: Ball
1-2: Ball
2-2: Ground out 6-3 (Groundball, 6MS)
Millard Walker to second
Batting: RHB Keith Stimson 0-0: Ball
1-0: Foul Ball, location: 2F
1-1: SINGLE (Groundball, 56)
Millard Walker to third
Runner from 3rd tries for Home, SAFE, throw made home
Batting: LHB Bob Bush 0-0: Swinging Strike
0-1: Fly out, F8 (Flyball, 8RM)
Batting: RHB Mark Parker 0-0: Ball
1-0: Called Strike
1-1: Called Strike
1-2: Ball
2-2: Strikes out looking
Bottom of the 6th over - 1 run(s), 2 hit(s), 0 error(s), 1 left on base; Texas 5 - South Florida 2
TOP OF THE 7TH
Texas Longhorns batting - Pitching for South Florida Bulls : LHP Michel Bachand
Batting: RHB Eugene Salazar 0-0: Foul Ball, location: 2F
0-1: Fly out, F8 (Popup, 4D)
Batting: RHB Rich Henley 0-0: Called Strike
0-1: Fly out, F6 (Line Drive, 6M)
Batting: LHB John Fitzgerald 0-0: Called Strike
0-1: Called Strike
0-2: Ball
1-2: Ball
2-2: Ball
3-2: Foul Ball, location: 2F
3-2: Base on Balls
Batting: LHB Jonathon Terry 0-0: Foul Ball, location: 2F
0-1: Swinging Strike
0-2: Ball
1-2: Ball
2-2: Ball
3-2: Foul Ball, location: 2F
3-2: Strikes out swinging
Top of the 7th over - 0 run(s), 0 hit(s), 0 error(s), 1 left on base; Texas 5 - South Florida 2
BOTTOM OF THE 7TH
South Florida Bulls batting - Pitching for Texas Longhorns : RHP Robby Marson
Batting: RHB Leonardo Sinisterra 0-0: Ball
1-0: Ball
2-0: Ball
3-0: Called Strike
3-1: Base on Balls
Batting: SHB Michael Field 0-0: Ball
1-0: Ball
2-0: Foul Ball, location: 2F
2-1: Swinging Strike
2-2: Fielders Choice at 2nd, 4-6 (Groundball, 4)
Pitching: RHP Armando Alvarado
Batting: LHB Weston Chaney 0-0: Called Strike
0-1: Foul Ball, location: 2F
0-2: Ball
1-2: Strikes out looking
Batting: RHB Víctor Pérez 0-0: Called Strike
0-1: Swinging Strike
0-2: SINGLE (Groundball, 56)
Michael Field to second
Batting: RHB Millard Walker 0-0: Foul Ball, location: 2F
0-1: Ball
1-1: Called Strike
1-2: Foul Ball, location: 2F
1-2: Ball
2-2: Foul Ball, location: 2F
2-2: Fly out, F8 (Flyball, 8LXD)
Bottom of the 7th over - 0 run(s), 1 hit(s), 0 error(s), 2 left on base; Texas 5 - South Florida 2
TOP OF THE 8TH
Texas Longhorns batting - Pitching for South Florida Bulls : LHP Michel Bachand
Batting: RHB Joe Maynard 0-0: Ball
1-0: Foul Ball, location: 2F
1-1: Ball
2-1: Foul Ball, location: 2F
2-2: Strikes out looking
Pitching: RHP Dong-hua Mei
Batting: RHB Jerome Cuevas 0-0: Ball
1-0: Ball
2-0: Ball
3-0: Called Strike
3-1: Base on Balls
Batting: RHB Roberto Hernández 0-0: SINGLE (Line Drive, 78S)
Jerome Cuevas to second
Batting: RHB Edmond Magee 0-0: Ground out 5-3 (Groundball, 56S)
Jerome Cuevas to third
Roberto Hernández to second
Batting: LHB Sam Haynes 0-0: Ground out 3-1 (Groundball, 34)
Top of the 8th over - 0 run(s), 1 hit(s), 0 error(s), 2 left on base; Texas 5 - South Florida 2
BOTTOM OF THE 8TH
South Florida Bulls batting - Pitching for Texas Longhorns : RHP Armando Alvarado
Batting: RHB Dave Anderson 0-0: Called Strike
0-1: Ball
1-1: SINGLE (Groundball, 6) (infield hit)
Pitching: RHP Tomás Silva
Batting: RHB Keith Stimson 0-0: Called Strike
0-1: Ball
1-1: Ball
2-1: SINGLE (Line Drive, 6MD)
Dave Anderson to second
Pitching: LHP Tim Watkins
Batting: LHB Bob Bush 0-0: Called Strike
0-1: Ball
1-1: Ball
2-1: Ball
3-1: Fly out, F4 (Line Drive, 4)
Pitching: RHP Keith Martínez
Batting: RHB Mark Parker 0-0: Ball
1-0: Foul Ball, location: 2F
1-1: Ball
2-1: Fielders Choice at 2nd, 1-6 (Groundball, 13)
Dave Anderson to third
Batting: RHB Leonardo Sinisterra 0-0: Called Strike
0-1: Ball
1-1: Ball
2-1: Ball
3-1: Base on Balls
Mark Parker to second
Batting: SHB Michael Field 0-0: Foul Ball, location: 2F
0-1: Ball
1-1: Ground out 3-1 (Groundball, 34)
Bottom of the 8th over - 0 run(s), 2 hit(s), 0 error(s), 3 left on base; Texas 5 - South Florida 2
TOP OF THE 9TH
Texas Longhorns batting - Pitching for South Florida Bulls : RHP Dong-hua Mei
Batting: RHB Eugene Salazar 0-0: Ball
1-0: Called Strike
1-1: Ball
2-1: Fly out, F9 (Flyball, 89D)
Batting: RHB Rich Henley 0-0: Called Strike
0-1: Foul Ball, location: 2F
0-2: Ball
1-2: Foul Ball, location: 2F
1-2: Ball
2-2: Ground out 5-3 (Groundball, 5)
Batting: LHB John Fitzgerald 0-0: Ball
1-0: Foul Ball, location: 2F
1-1: Called Strike
1-2: Fly out, F9 (Flyball, 9M)
Top of the 9th over - 0 run(s), 0 hit(s), 0 error(s), 0 left on base; Texas 5 - South Florida 2
BOTTOM OF THE 9TH
South Florida Bulls batting - Pitching for Texas Longhorns : RHP Keith Martínez
Pitching: LHP Alejandro Flores
Batting: LHB Weston Chaney 0-0: Ball
1-0: Ball
2-0: Foul Ball, location: 2F
2-1: Called Strike
2-2: Strikes out looking
Batting: RHB Víctor Pérez 0-0: Ball
1-0: Swinging Strike
1-1: Swinging Strike
1-2: Ball
2-2: Ball
3-2: Fly out, F4 (Line Drive, 4)
Batting: RHB Millard Walker 0-0: Called Strike
0-1: Ball
1-1: Called Strike
1-2: Foul Ball, location: 2F
1-2: Strikes out looking
Bottom of the 9th over - 0 run(s), 0 hit(s), 0 error(s), 0 left on base; Texas 5 - South Florida 2
This league is powered by Out of the Park Baseball, the baseball management simulation game for PC, Mac and Linux
Tuesday, August 2nd, 2016 - OOTP Baseball 16.8 Build 38